 Dungeon Crawl Stone Soup version 0.31-a0-150-g89dc3ad700 (webtiles) character file.

Game seed: 7180379549976796407

24 qw the Shooter (level 3, -2/21 HPs)
             Began as a Gargoyle Hunter on June 8, 2023.
             Killed from afar by Natasha (4 damage)
             ... with a magic dart
             ... on level 1 of the Dungeon.
             The game lasted 00:00:14 (501 turns).

qw the Shooter (Gargoyle Hunter)                     Turns: 501, Time: 00:00:15

Health: -2/21      AC: 11    Str: 14    XL:     3   Next: 2%
Magic:  3/3        EV: 10    Int:  9    God:
Gold:   69         SH:  0    Dex: 15    Spells: 2/2 levels left

rFire   . . .        Y - +0 shortbow
rCold   . . .        (shield currently unavailable)
rNeg    + . .        g - +0 ring mail
rPois   inf          (no helmet)
rElec   +            (no cloak)
rCorr   +            j - +2 pair of gloves
SInv    .            (no boots)
Will    .....        (no amulet)
Stlth   +            h - ring of resist corrosion
HPRegen 0.23/turn    (no ring)
MPRegen 0.08/turn

%: no passive effects
@: slowed, very slow
A: sickness immunity, AC +3, negative energy resistance 1, electricity
resistance, torment resistance 1, petrification resistance, screaming 1
a: no special abilities


You were on level 1 of the Dungeon.
You visited 1 branch of the dungeon, and saw 2 of its levels.

You collected 69 gold pieces.


Innate Abilities, Weirdness & Mutations

You are immune to sickness and miasma.
Your stone body is resilient. (AC +3)
You are immune to poison.
You resist negative energy. (rN+)
You are resistant to electric shocks. (rElec)
You are resistant to unholy torment.
You are immune to petrification.
You occasionally shout uncontrollably at your foes.


   Skills:
 - Level 2.1 Fighting
 - Level 4.8 Ranged Weapons
 + Level 0.3 Armour
 - Level 1.5 Dodging
 - Level 1.1 Stealth


You had 2 spell levels left.
You didn't know any spells.
Your spell library was empty.

Inventory:

Hand Weapons
 Y - a +0 shortbow (weapon)
Armour
 g - a +0 ring mail (worn)
 j - a +2 pair of gloves (worn)
Jewellery
 h - a ring of resist corrosion (left hand)
Potions
 e - a potion of invisibility {unknown}

Dungeon Overview and Level Annotations

Branches:
Dungeon (2/15)

Altars:

Annotations:
D:1 Natasha
D:2 Robin


Message History

You feel agile. x2
You shoot an arrow.
The arrow barely misses the ball python.
The bat hits you but does no damage.
The ball python bites you but does no damage.
The ball python constricts you. Natasha claws you but does no damage.
A hobgoblin comes into view.
The ball python bites you. The ball python constricts you.
Natasha barely misses you. The bat hits you but does no damage.
A goblin comes into view. It is wielding a +0 dagger.
The ball python bites you but does no damage.
The ball python constricts you. Natasha claws you but does no damage.
You shoot an arrow. The arrow hits the ball python!
You kill the ball python!
The bat barely misses you. The bat closely misses you.
Natasha mumbles some strange words.
The bat misses you.
Robin roars a battlecry!
The hobgoblin goes into a battle-frenzy!
Natasha claws you.
499 ||| STAIRDANCE The bat hits you but does no damage.
Natasha casts a spell at you. The magic dart hits you.
The cerulean imp hits you but does no damage.
Natasha stares at you and mumbles some strange words.
You resist with significant effort. The bat barely misses you.
The cerulean imp hits you but does no damage.
Natasha stares at you and mumbles some strange words.
You resist with significant effort.
You climb upwards.
The cerulean imp disappears in a puff of smoke! x2
There is a stone staircase leading down here.
You shoot an arrow.
The arrow hits Natasha but does no damage.
The bat hits you but does no damage. Natasha claws you!
The bat hits you but does no damage.
Natasha stares at you and mumbles some strange words.
The magic dart hits you.
You die...

#........####..........#######..
#..>..........##...##..# #....#
#........#######.#....## #.####
#........# #....### #.#
#........## ##...#######.#
##...####..#######...........# #
#....# ##.....(......######## #
#.#..# ##....b.###...# ######
..##.# #.....@# #...#####.....
..##.## #....h.###...##....####
..##..# #...............####
.###..## #......###.#.#### ##
#...# #..........#...######## ##
##..####....[....##.#:....#...
.# #.....##.#####...............
.# #.###.##)## #.###?..........
.# #(# #.##..# #.# #...........


You could see Natasha (fast) and a bat.

Vanquished Creatures
  A dart slug (D:1)
  3 ball pythons
  4 endoplasms
  A giant cockroach (D:1)
  2 goblins (D:1)
  2 kobolds (D:1)
  3 quokkas (D:1)
  A frilled lizard (D:1)
  2 rats (D:1)
19 creatures vanquished.

Notes
Turn   | Place    | Note
-------+----------+-------------------------------------------
     0 | D:1      | qw the Gargoyle Hunter began the quest for the Orb.
     0 | D:1      | Reached XP level 1. HP: 12/12 MP: 1/1
     0 | D:1      | 0 ||| qw: Version: 0.2-a-119-g7aa9181
     0 | D:1      | 0 ||| qw: Game counter: 2768
     0 | D:1      | 0 ||| qw: Always use a shield: true
     0 | D:1      | 0 ||| qw: God list: Okawaru
     0 | D:1      | 0 ||| qw: Allow faded altars: false
     0 | D:1      | 0 ||| qw: Do Orc after D:15 true
     0 | D:1      | 0 ||| qw: Do second Lair branch before Depths: true
     0 | D:1      | 0 ||| qw: Lair rune preference: random
     0 | D:1      | 0 ||| qw: Plans: Normal
     0 | D:1      | 0 ||| PLANNING D:1-11
   149 | D:1      | Reached XP level 2. HP: 17/17 MP: 2/2
   455 | D:1      | 455 ||| UPGRADING to +0 ring mail.
   465 | D:1      | 465 ||| DROPPING +0 leather armour.
   466 | D:1      | 466 ||| UPGRADING to +2 pair of gloves.
   471 | D:1      | 471 ||| UPGRADING to ring of resist corrosion.
   472 | D:1      | 472 ||| READING scroll labelled ECZYRY WYSA.
   477 | D:1      | 477 ||| READING scroll labelled NUUC NONOOTE.
   478 | D:1      | 478 ||| DRINKING 2 green potions.
   478 | D:1      | Gained mutation: You sometimes lose your temper in combat.
                  | [potion of mutation]
   478 | D:1      | Gained mutation: You are somewhat resistant to further
                  | mutation. [potion of mutation]
   479 | D:1      | 479 ||| DRINKING potion of mutation.
   479 | D:1      | Lost mutation: You are somewhat resistant to further
                  | mutation. [potion of mutation]
   479 | D:1      | Lost mutation: You sometimes lose your temper in combat.
                  | [potion of mutation]
   479 | D:1      | Gained mutation: You occasionally shout uncontrollably at
                  | your foes. [potion of mutation]
   480 | D:1      | 480 ||| DROPPING scroll of butterflies.
   491 | D:2      | Noticed Natasha
   494 | D:2      | Noticed Robin
   497 | D:2      | Reached XP level 3. HP: 20/21 MP: 3/3
   499 | D:2      | 499 ||| STAIRDANCE
   501 | D:1      | HP: 2/21 [Natasha (7)]
   501 | D:1      | Killed from afar by Natasha

Levels and vault maps discovered:
D:1:      dpeg_arrival_rhombus, layout_rooms
D:2:      layout_basic, basic_ecumenical_altar, basic_altar, uniq_natasha,
          uniq_robin

Action                     || total
---------------------------++-------
   Fire: Shortbow          ||    52
    Use: Scroll            ||     2
         Potion            ||     2
 Armour: Leather armour    ||     1
         Ring mail         ||    20
  Dodge: Dodged            ||    15

Table legend:
 A = Non-vault XP
 B = Vault XP
 C = Vault XP percentage of total XP
 D = Non-vault monster count
 E = Vault monster count
 F = Vault count percentage of total count
                 A         B        C        D         E       F
            +---------+---------+-------+---------+---------+-------
      Total |      35 |       0 |   0.0 |      19 |       0 |   0.0
            +---------+---------+-------+---------+---------+-------
        D:1 |      32 |       0 |   0.0 |      17 |       0 |   0.0
        D:2 |       3 |       0 |   0.0 |       2 |       0 |   0.0
            +---------+---------+-------+---------+---------+-------
